 Dungeon Crawl Stone Soup version 0.31-a0-744-gbc345e7fcb (webtiles) character file.

Game seed: 1755702646311294442

420 Mazout the Changeling (level 6, 0/49 HPs)
             Began as a Merfolk Shapeshifter on Sept 13, 2023.
             Succumbed to a scorpion's poison
             ... on level 4 of the Dungeon.
             The game lasted 00:06:15 (3758 turns).

Mazout the Changeling (Merfolk Shapeshifter)        Turns: 3758, Time: 00:06:16

Health: 0/49       AC:  2    Str: 16    XL:     6   Next: 94%
Magic:  6/6        EV: 12    Int: 10    God:
Gold:   256        SH:  0    Dex: 13    Spells: 5/5 levels left

rFire   . . .        r - +2 hand axe (vamp)
rCold   . . .        (no shield)
rNeg    . . .        a - +0 animal skin
rPois   .            (helmet currently unavailable)
rElec   .            (cloak currently unavailable)
rCorr   .            (gloves currently unavailable)
SInv    .            (boots currently unavailable)
Will    .....        (no amulet)
Stlth   +            (no ring)
HPRegen 0.28/turn    (no ring)
MPRegen 0.10/turn

%: no passive effects
@: lethally poisoned (0 -> -7), beast-form
A: beast (slay +3), (nimble swimmer 2), mertail
a: Begin Untransformation


You were on level 4 of the Dungeon.
You were a hulking beast.
You visited 1 branch of the dungeon, and saw 4 of its levels.
You also visited: Sewer.

You collected 256 gold pieces.

Inventory:

Hand Weapons
 r - a +2 vampiric hand axe (weapon)
Missiles
 q - 5 poisoned darts
Armour
 a - a +0 animal skin (worn)
 h - a +0 helmet
Talismans
 c - a beast talisman (active)
 d - a flux talisman
 f - a serpent talisman
Scrolls
 e - a scroll of torment {unknown}
 g - 2 scrolls of blinking
 l - 2 scrolls of vulnerability {unknown}
 n - a scroll of noise {unknown}
 o - a scroll of silence {unknown}
 p - a scroll of fog {unknown}
Potions
 b - 2 potions of lignification
 i - 2 potions of might {unknown}
 j - 2 potions of curing {unknown}
 k - a potion of invisibility {unknown}
 m - 4 potions of heal wounds {unknown}


   Skills:
 + Level 4.4 Fighting
 - Level 2.6 Dodging
 + Level 5.3 Unarmed Combat
 + Level 6.2 Shapeshifting


You had 5 spell levels left.
You didn't know any spells.
Your spell library contained the following spells:

 Spells                   Type           Power      Damage    Failure   Level
 Gell's Gravitas          Tloc           0%         N/A       75%         3
 Summon Guardian Golem    Hex/Summ       0%         N/A       75%         3
 Teleport Other           Tloc           0%         N/A       75%         3
 Dispersal                Tloc           0%         N/A       100%        6
 Orb of Destruction       Conj           0%         9d5       100%        7
 Spellforged Servitor     Conj/Summ      0%         N/A       100%        7


Dungeon Overview and Level Annotations

Branches:
Dungeon (4/15)              Sewer (visited)
 Temple: D:4-7

Altars:

Shops:
D:1 (?[[?


Innate Abilities, Weirdness & Mutations

You are a hulking beast.
Your limbs bulge with bestial killing power. (Slay +3)
((You are very nimble when in or above water. (Stealth+, EV+, Speed+++)))
Your lower body shifts to a powerful aquatic tail in water.


Message History

The scorpion stings you. x2
You hit the scorpion.
You feel better.
The scorpion is moderately wounded.
You feel sick. The scorpion stings you.
You closely miss the scorpion.
The scorpion is moderately wounded.
You feel sick. The scorpion stings you.
You are more poisoned.
The scorpion poisons you! The scorpion barely misses you.
You hit the scorpion but do no damage.
The scorpion is lightly wounded.
You feel very sick. The scorpion stings you.
You are too injured to fight recklessly!
You are too injured to fight recklessly!
You are too injured to fight recklessly!
You hit the scorpion but do no damage.
The scorpion is lightly wounded.
You feel sick. The scorpion stings you.
The scorpion stings you but does no damage.
You slash the scorpion!
The scorpion is severely wounded.
You feel sick. The scorpion stings you.
* * * LOW HITPOINT WARNING * * *
You are lethally poisoned!
The scorpion poisons you!
You completely miss the scorpion.
The scorpion is severely wounded.
* * * LOW HITPOINT WARNING * * *
You feel very sick. The scorpion barely misses you. The scorpion misses you.
You hit the scorpion.
You feel better.
You kill the scorpion!
* * * LOW HITPOINT WARNING * * *
You feel very sick.
A goblin comes into view. It is wielding a +0 dagger.
* * * LOW HITPOINT WARNING * * *
You feel sick.
You see here a scorpion corpse.
You die...

#......................(.
#........................
#..............####+#######
#..............# ........
#..............# ........
#..............# ........
#..............+ >.......
#..............# ........
#.........h....# .......)
#######...†....# ###....
#....>...# ##...[
#........# #....)
#........# #.....
#........# #.....
#........# #.....
#........# #.....
#......g.+ #....#


There were no monsters in sight!

Vanquished Creatures
  2 bullfrogs (Sewer)
  A scorpion (D:4)
  2 iguanas (D:4)
  A gnoll (D:1)
  9 adders
  An ufetubus (D:4)
  A worm (D:3)
  2 dart slugs
  5 orcs (D:4)
  12 ball pythons
  4 bats
  7 endoplasms
  8 giant cockroaches
  3 hobgoblins
  4 jackals (D:2)
  6 quokkas
  4 frilled lizards
  2 goblins
  5 kobolds
  8 rats
87 creatures vanquished.

Notes
Turn   | Place    | Note
-------+----------+-------------------------------------------
     0 | D:1      | Mazout the Merfolk Shapeshifter began the quest for the
                  | Orb.
     0 | D:1      | Reached XP level 1. HP: 15/15 MP: 1/1
    20 | D:1      | Found Boczenino's Weapon Boutique.
    93 | D:1      | Found Riel Wehip's Antique Armour Emporium.
   285 | D:1      | Reached XP level 2. HP: 21/21 MP: 2/2
   296 | D:1      | Found Cyapni's Magic Scroll Boutique.
   731 | D:1      | Found Lihirr's Antique Armour Shoppe.
   765 | D:1      | Reached XP level 3. HP: 21/27 MP: 3/3
   878 | D:1      | Found Tiaseywn's Magic Scroll Shoppe.
  1811 | D:3      | Reached XP level 4. HP: 28/34 MP: 4/4
  2356 | D:3      | Found a glowing drain.
  2382 | Sewer    | Entered a sewer
  2437 | Sewer    | Reached skill level 5 in Shapeshifting
  2462 | Sewer    | Noticed a bullfrog
  2472 | Sewer    | Killed a bullfrog
  2473 | Sewer    | Reached XP level 5. HP: 9/41 MP: 5/5
  2731 | Sewer    | Reached skill level 5 in Unarmed Combat
  2731 | Sewer    | Reached XP level 6. HP: 36/48 MP: 6/6
  3351 | D:4      | Reached skill level 6 in Shapeshifting
  3757 | D:4      | HP: 2/49 [poisoned by a scorpion]
  3758 | D:4      | Succumbed to a scorpion's poison

Illustrated notes

Levels and vault maps discovered:
D:1:      nicolae_arrival_memento_mori, layout_loops_corners, serial_shops,
          shop, nicolae_shop_tiny_statue_garden, nicolae_shop_statue_plus,
          nicolae_square_shop, shop
D:2:      layout_rooms, serial_forest, infiniplex_forest_straight_5,
          infiniplex_forest_end_2, infiniplex_forest_clump_tiny,
          infiniplex_forest_lined_ring, infiniplex_forest_pool,
          infiniplex_forest_straight_5
D:3:      layout_basic, portal_sewer_entry_b
D:4:      layout_gridville, corexii_leaking_fountain,
          nicolae_elevator_lobby_plus

Skill      XL: |  1  2  3  4  5  6 |
---------------+-------------------+-----
Fighting       | 2 3 4 |  4.4
Unarmed Combat | 4 5 |  5.3
Shapeshifting  | 5 6 |  6.2
Dodging        | |  2.6

Action                     |  1- 3 |  4- 6 || total
---------------------------+-------+-------++-------
  Melee: Unarmed           |   179 |   131 ||   310
         Punch             |     9 |     1 ||    10
         Tailslap          |       |     6 ||     6
         Hand axe          |       |    29 ||    29
Ability: Begin Untransform |     1 |       ||     1
    Use: Scroll            |     1 |       ||     1
   Stab: Sleeping          |     1 |     1 ||     2
 Armour: Animal skin       |    49 |    84 ||   133
  Dodge: Dodged            |    33 |   100 ||   133
   Form: Beast             |     1 |       ||     1

Table legend: (Time is in decaauts)
 A = Elapsed time spent in this place.
 B = Non-inter-level travel time spent in this place.
 C = Inter-level travel time spent in this place.
 D = Time resting spent in this place.
 E = Time spent auto-exploring this place.
 F = Levels seen in this place.
 G = Mean time per level.
                   A        B        C        D        E       F      G
               +--------+--------+--------+--------+--------+-----+--------+
         Total |   3690 |   3596 |     94 |      4 |   2888 |   5 |  738.0 |
       Dungeon |   3164 |   3070 |     94 |      4 |   2544 |   4 |  791.0 |
         Sewer |    525 |    525 |      0 |      0 |    343 |   1 |  525.0 |
               +--------+--------+--------+--------+--------+-----+--------+

Top non-repeatable levels by time:
     D:1: 935 daAuts
     D:3: 875 daAuts
     D:2: 819 daAuts
     D:4: 533 daAuts
   Sewer: 525 daAuts
